Penguins vs Sound Tigers
Created - November 24, 2022 at 19:01
Goals
|
| Penguins |
1 |
1 |
2 |
0 |
1 |
4 |
| Sound Tigers |
2 |
1 |
1 |
0 |
2 |
5 |
|
Shots
|
| Penguins |
5 |
16 |
18 |
2 |
3 |
41 |
| Sound Tigers |
4 |
13 |
14 |
0 |
3 |
31 |
|
1st period
1. Penguins , Iven Barbashev 4 (Christopher Tanev 7, Andrew O'Brien 6) at 0:31
2. Sound Tigers , Josh Archibald 1 (Brad Ross 1) at 16:45
3. Sound Tigers , Borna Rendulic 4 (Alex Tuch 9, Pavel Kraskovsky 13) at 18:58 (PP)
Penalties :
Kyle Connor (Wil) for Holding (Minor) at 4:16, Iven Barbashev (Wil) for High sticking (Minor) at 7:30, Gavin Bayreuther (Wil) for Roughing (Minor) at 18:45
2nd period
4. Penguins , Cedric Paquette 8 (Evan Rodrigues 11) at 1:07 (PP)
5. Sound Tigers , Nick Blankenburg 1 (Jakub Galvas 2, Ben Johnson 5) at 15:06
Penalties :
Borna Rendulic (BRI) for Hooking (Minor) at 0:57, Miro Heiskanen (BRI) for Hooking (Minor) at 2:03, Rhett Gardner (BRI) for High sticking (Minor) at 4:43, Miro Heiskanen (BRI) for Hooking (Minor) at 15:19, Rhett Gardner (BRI) for Hooking (Minor) at 18:26
3rd period
6. Penguins , Max Gortz 2 (Anthony Beauvillier 3) at 2:27
7. Sound Tigers , Pavel Kraskovsky 7 (Borna Rendulic 5) at 12:00
8. Penguins , Dakota Mermis 1 (Cedric Paquette 6, Evan Rodrigues 12) at 19:38
Penalties :
Anthony Beauvillier (Wil) for Hooking (Minor) at 3:10, Danny Biega (Wil) for Tripping (Minor) at 15:28
Overtime #1
No Goal
Penalties :
No Penalty
Shootout
Penguins, Kyle Connor - Goal!
Sound Tigers, Alex Tuch - Shot Misses the Net
Penguins, Cedric Paquette - Stopped by Pavel Francouz
Sound Tigers, Garret Ross - Goal!
Penguins, Evan Rodrigues - Stopped by Pavel Francouz
Sound Tigers, Borna Rendulic - Goal!
Penalties :
No Penalty
Goalie Stats
Connor Hellebyuk (Wil), 27 saves from 31 shots - (0.871), OTL, 2-2-1, 64:27 minutes
Pavel Francouz (BRI), 37 saves from 41 shots - (0.902), W, 7-2-0, 65:00 minutes
Players Stats for Penguins
Player Name G A P +/- PIM S H SB GA TA FO MP PP MP PK MP
------------------------------------------------------------------------------------
Adam Brooks 0 0 0 -1 0 0 2 0 0 0 3/8 16:43 3:17 0:00
Andrew O'Brien 0 1 1 -1 0 2 0 0 1 1 0/0 29:45 5:12 4:33
Anthony Beauvillier 0 1 1 -1 2 3 0 0 1 0 0/0 20:43 3:17 1:56
Cedric Paquette 1 1 2 1 0 4 5 0 0 0 14/26 25:43 4:49 3:54
Christopher Tanev 0 1 1 -1 0 2 1 1 1 0 0/0 29:46 5:12 4:33
Curtis Hamilton 0 0 0 0 0 4 1 0 1 0 0/1 12:26 0:00 2:33
Dakota Mermis 1 0 1 0 0 1 2 1 1 2 0/0 23:12 2:54 3:36
Danny Biega 0 0 0 2 2 2 1 0 0 0 0/0 13:18 0:00 0:00
Denis Malgin 0 0 0 0 0 1 1 0 0 0 2/2 5:42 0:00 0:00
Eetu Luostarinen 0 0 0 0 0 0 1 0 0 0 2/6 7:46 0:00 1:10
Evan Rodrigues 0 2 2 1 0 5 4 0 1 0 3/4 24:00 4:49 2:31
Gavin Bayreuther 0 0 0 -1 2 5 0 1 0 0 0/0 22:18 2:54 3:36
Iven Barbashev 1 0 1 -1 2 4 3 0 1 0 1/1 18:55 3:17 0:51
Jeff Malott 0 0 0 0 0 0 0 0 0 0 0/0 5:07 0:00 0:13
John Marino 0 0 0 1 0 1 1 0 0 0 0/0 11:47 0:00 0:00
Kyle Connor 0 0 0 0 2 2 4 0 1 0 3/9 25:05 4:49 3:10
Max Gortz 1 0 1 1 0 4 1 0 0 0 0/1 10:58 0:00 0:00
Sam Kurker 0 0 0 0 0 1 0 0 0 0 0/1 8:32 0:00 0:00
Players Stats for Sound Tigers
Player Name G A P +/- PIM S H SB GA TA FO MP PP MP PK MP
------------------------------------------------------------------------------------
Alex Tuch 0 1 1 0 0 3 1 0 0 0 1/1 24:49 4:28 4:39
Ben Johnson 0 1 1 1 0 2 0 0 0 0 2/3 11:21 0:00 0:34
Ben Thomson 0 0 0 1 0 1 0 0 0 0 0/1 14:43 0:19 2:11
Borna Rendulic 1 1 2 -1 2 2 3 0 0 1 2/3 18:15 4:18 0:00
Brad Ross 0 1 1 0 0 1 1 1 0 0 0/0 9:24 0:00 0:53
Dylan McIlrath 0 0 0 -2 0 2 4 4 0 0 0/0 30:48 5:15 5:05
Gabriel Carlsson 0 0 0 0 0 1 1 3 0 1 0/0 12:05 2:23 2:31
Garret Pilon 0 0 0 1 0 1 0 0 0 0 4/5 7:32 0:00 0:00
Garret Ross 0 0 0 -1 0 1 1 0 0 0 1/3 18:34 3:32 2:17
Jakub Galvas 0 1 1 1 0 3 0 1 0 0 0/0 18:00 1:06 1:19
James Livingstone 0 0 0 -1 0 2 1 1 1 1 0/1 14:51 3:41 0:00
Josh Archibald 1 0 1 1 0 3 0 1 0 0 0/0 7:55 0:00 0:00
Miro Heiskanen 0 0 0 0 4 0 2 2 1 1 0/0 27:33 4:40 2:10
Nick Blankenburg 1 0 1 0 0 1 2 1 0 0 0/0 20:50 1:06 2:10
Pavel Kraskovsky 1 1 2 0 0 4 2 0 0 0 19/37 24:49 4:28 4:39
Rhett Gardner 0 0 0 -2 4 2 4 0 1 1 1/4 18:12 3:32 0:59
Ross Colton 0 0 0 1 0 2 1 0 0 1 1/1 11:47 0:09 0:00
Slater Koekkoek 0 0 0 1 0 0 1 0 0 2 0/0 20:21 1:48 2:57
3 Stars
1 - Cedric Paquette (Wil)
2 - Pavel Kraskovsky (BRI)
3 - Evan Rodrigues (Wil)
Power Play
Penguins - 1 on 5 Attempt(s) - 20.00%
Sound Tigers - 1 on 5 Attempt(s) - 20.00%
Penalty Kill
Penguins - 4 on 5 Attempt(s) - 80.00%
- Score 0 goal in Penalty Kill
Sound Tigers - 4 on 5 Attempt(s) - 80.00%
- Score 0 goal in Penalty Kill
Team Stat
Penguins - Hits : 27 - Faceoff Wins : 28 - Blocked Shots : 3 - Penalty Minutes : 10
Sound Tigers - Hits : 24 - Faceoff Wins : 31 - Blocked Shots : 14 - Penalty Minutes : 10
Official
Referees : Brian Pochmara and Mitch Dunning
Linesman : Pierre Racicot and Brian Mach
Game Notes
Gabriel Carlsson is injured at 6:55 of 2nd period (Lower Body)
Denis Malgin is injured at 17:36 of 2nd period (Right Eye)
Finance
Level 1 -- Attendance: 2000 (100.00%) -- Ticket Income $70,000
Level 2 -- Attendance: 984 (98.40%) -- Ticket Income $14,760
Total Attendance: 2984 (99.47%)
Total Ticket Income: $84,760
Other Income: $4,238
Total Income: $88,998
Penguins
5 vs 5 Forward
Center Left Wing Right Wing Time % Phy DF OF
1 Cedric Paquette Kyle Connor Evan Rodrigues 40 1 2 2
2 Adam Brooks Iven Barbashev Anthony Beauvillier 30 1 2 2
3 Denis Malgin Curtis Hamilton Max Gortz 20 1 2 2
4 Eetu Luostarinen Jeff Malott Sam Kurker 10 1 2 2
5 vs 5 Defense
Defense Defense Time % Phy DF OF
1 Christopher Tanev Andrew O'Brien 40 1 2 2
2 Dakota Mermis Gavin Bayreuther 30 1 2 2
3 Danny Biega John Marino 20 1 2 2
4 Christopher Tanev Andrew O'Brien 10 1 2 2
PowerPlay Forward
Center Left Wing Right Wing Time % Phy DF OF
1 Cedric Paquette Kyle Connor Evan Rodrigues 60 1 2 2
2 Adam Brooks Iven Barbashev Anthony Beauvillier 40 1 2 2
PowerPlay Defense
Defense Defense Time % Phy DF OF
1 Christopher Tanev Andrew O'Brien 60 1 2 2
2 Dakota Mermis Gavin Bayreuther 40 1 2 2
Penalty Kill 4 Players Forward
Center Wing Time % Phy DF OF
1 Kyle Connor Cedric Paquette 60 1 2 2
2 Evan Rodrigues Anthony Beauvillier 40 1 2 2
Penalty Kill 4 Players Defense
Defense Defense Time % Phy DF OF
1 Christopher Tanev Andrew O'Brien 60 1 2 2
2 Dakota Mermis Gavin Bayreuther 40 1 2 2
Penalty Kill - 3 Players Forward
Forward Time % Phy DF OF
1 Kyle Connor 60 1 2 2
2 Cedric Paquette 40 1 2 2
Penalty Kill - 3 Players Defense
Defense Defense Time % Phy DF OF
1 Christopher Tanev Andrew O'Brien 60 1 2 2
2 Dakota Mermis Gavin Bayreuther 40 1 2 2
4 vs 4 Forward
Center Wing Time % Phy DF OF
1 Kyle Connor Cedric Paquette 60 1 2 2
2 Evan Rodrigues Anthony Beauvillier 40 1 2 2
4 vs 4 Defense
Defense Defense Time % Phy DF OF
1 Christopher Tanev Andrew O'Brien 60 1 2 2
2 Dakota Mermis Gavin Bayreuther 40 1 2 2
Last Minutes Offensive
Center Left Wing Right Wing Defense Defense
Cedric Paquette Kyle Connor Evan Rodrigues Christopher Tanev Andrew O'Brien
Last Minutes Defensive
Center Left Wing Right Wing Defense Defense
Cedric Paquette Kyle Connor Evan Rodrigues Christopher Tanev Andrew O'Brien
Goaltenders
Starting : Connor Hellebyuk
Backup : Jeremy Swayman
Extra Forwards
Normal : Max Gortz, Sam Kurker, Curtis Hamilton - PP : Max Gortz, Sam Kurker - PK : Curtis Hamilton
Extra Defensemen
Normal : Danny Biega, John Marino, Dakota Mermis - PP : Danny Biega - PK : John Marino, Dakota Mermis
Penalty Shots
Kyle Connor, Cedric Paquette, Evan Rodrigues, Anthony Beauvillier, Iven Barbashev
Scratches
Brett Pollock (Healthy), Josh Ho-Sang (Healthy), Juuso Ikonen (Healthy), Matthew Finn (Healthy), Austin Strand (Healthy)
Raphael Bussieres (Healthy), Steven Spinner (Healthy), German Rubtsov (Healthy), Anthony Stolarz (Healthy)
Sound Tigers
5 vs 5 Forward
Center Left Wing Right Wing Time % Phy DF OF
1 Pavel Kraskovsky Alex Tuch Borna Rendulic 40 1 2 2
2 Rhett Gardner Garret Ross James Livingstone 30 1 2 2
3 Ben Johnson Ben Thomson Ross Colton 20 1 2 2
4 Garret Pilon Brad Ross Josh Archibald 10 1 2 2
5 vs 5 Defense
Defense Defense Time % Phy DF OF
1 Dylan McIlrath Gabriel Carlsson 40 1 2 2
2 Slater Koekkoek Miro Heiskanen 30 1 2 2
3 Nick Blankenburg Jakub Galvas 20 1 2 2
4 Dylan McIlrath Gabriel Carlsson 10 1 2 2
PowerPlay Forward
Center Left Wing Right Wing Time % Phy DF OF
1 Pavel Kraskovsky Alex Tuch Borna Rendulic 60 1 2 2
2 Rhett Gardner Garret Ross James Livingstone 40 1 2 2
PowerPlay Defense
Defense Defense Time % Phy DF OF
1 Dylan McIlrath Gabriel Carlsson 60 1 2 2
2 Slater Koekkoek Miro Heiskanen 40 1 2 2
Penalty Kill 4 Players Forward
Center Wing Time % Phy DF OF
1 Pavel Kraskovsky Alex Tuch 60 1 2 2
2 Rhett Gardner Garret Ross 40 1 2 2
Penalty Kill 4 Players Defense
Defense Defense Time % Phy DF OF
1 Dylan McIlrath Gabriel Carlsson 60 1 2 2
2 Slater Koekkoek Miro Heiskanen 40 1 2 2
Penalty Kill - 3 Players Forward
Forward Time % Phy DF OF
1 Pavel Kraskovsky 60 1 2 2
2 Rhett Gardner 40 1 2 2
Penalty Kill - 3 Players Defense
Defense Defense Time % Phy DF OF
1 Dylan McIlrath Gabriel Carlsson 60 1 2 2
2 Slater Koekkoek Miro Heiskanen 40 1 2 2
4 vs 4 Forward
Center Wing Time % Phy DF OF
1 Pavel Kraskovsky Alex Tuch 60 1 2 2
2 Rhett Gardner Garret Ross 40 1 2 2
4 vs 4 Defense
Defense Defense Time % Phy DF OF
1 Dylan McIlrath Gabriel Carlsson 60 1 2 2
2 Slater Koekkoek Miro Heiskanen 40 1 2 2
Last Minutes Offensive
Center Left Wing Right Wing Defense Defense
Pavel Kraskovsky Alex Tuch Borna Rendulic Dylan McIlrath Gabriel Carlsson
Last Minutes Defensive
Center Left Wing Right Wing Defense Defense
Pavel Kraskovsky Alex Tuch Borna Rendulic Dylan McIlrath Gabriel Carlsson
Goaltenders
Starting : Pavel Francouz
Backup : Sean Maguire
Extra Forwards
Normal : Ben Thomson, Ross Colton, Pavel Kraskovsky - PP : Ben Thomson, Ross Colton - PK : Ben Thomson
Extra Defensemen
Normal : Miro Heiskanen, Nick Blankenburg, Jakub Galvas - PP : Miro Heiskanen - PK : Miro Heiskanen, Nick Blankenburg
Penalty Shots
Alex Tuch, Garret Ross, Borna Rendulic, James Livingstone, Ben Thomson
Scratches
Alexander Yelesin (Healthy), Blake Speers (Healthy), Alex Steeves (Healthy), Joe Labate (Healthy), Noah Cates (Healthy)
Tyrell Goulbourne (Healthy), Brandon Gignac (Healthy), Casey Staum (Healthy), Chris Driedger (Healthy), Stuart Skinner (Healthy)
% Time on Ice - Penguins
Lines # - Real PCT - Wanted PCT - Time Play
Normal Forward
1 - 36% - 40% - 15:32
2 - 32% - 30% - 13:34
3 - 21% - 20% - 8:52
4 - 11% - 10% - 4:54
Normal Defense
1 - 39% - 40% - 16:44
2 - 32% - 30% - 13:53
3 - 26% - 20% - 11:17
4 - 2% - 10% - 0:58
PP Forward
1 - 59% - 60% - 4:49
2 - 41% - 40% - 3:17
PP Defense
1 - 64% - 60% - 5:12
2 - 36% - 40% - 2:54
PK Forward
1 - 69% - 60% - 5:38
2 - 31% - 40% - 2:31
PK Defense
1 - 56% - 60% - 4:33
2 - 44% - 40% - 3:36
PK3 Forward
1 - 0% - 60%
2 - 0% - 40%
PK3 Defense
1 - 0% - 60%
2 - 0% - 40%
44 Forward
1 - 73% - 60% - 3:39
2 - 27% - 40% - 1:21
44 Defense
1 - 51% - 60% - 2:34
2 - 49% - 40% - 2:26
Last Minute Offensive - 0:53
Last Minute Defensive - 0:00
Total
Forward - 65:00
Defense - 65:00
|
% Time on Ice - Sound Tigers
Lines # - Real PCT - Wanted PCT - Time Play
Normal Forward
1 - 31% - 40% - 13:29
2 - 29% - 30% - 12:22
3 - 23% - 20% - 9:42
4 - 17% - 10% - 7:26
Normal Defense
1 - 41% - 40% - 17:30
2 - 30% - 30% - 13:06
3 - 27% - 20% - 11:26
4 - 2% - 10% - 0:57
PP Forward
1 - 55% - 60% - 4:28
2 - 45% - 40% - 3:41
PP Defense
1 - 78% - 60% - 6:21
2 - 22% - 40% - 1:48
PK Forward
1 - 72% - 60% - 5:49
2 - 28% - 40% - 2:17
PK Defense
1 - 67% - 60% - 5:26
2 - 33% - 40% - 2:40
PK3 Forward
1 - 0% - 60%
2 - 0% - 40%
PK3 Defense
1 - 0% - 60%
2 - 0% - 40%
44 Forward
1 - 78% - 60% - 3:54
2 - 22% - 40% - 1:06
44 Defense
1 - 83% - 60% - 4:10
2 - 17% - 40% - 0:50
Last Minute Offensive - 0:00
Last Minute Defensive - 0:46
Total
Forward - 65:00
Defense - 65:00
|
Play-by-Play
1st period
0:01 of 1st period - Pavel Kraskovsky wins face-off versus Cedric Paquette in neutral zone.
0:31 of 1st period - Snap shot by Iven Barbashev.
0:31 of 1st period - Goal by Iven Barbashev - Penguins : 1 - Sound Tigers : 0.
0:32 of 1st period - Denis Malgin wins face-off versus Ben Johnson in neutral zone.
0:59 of 1st period - Slater Koekkoek is hit by Iven Barbashev and loses puck.
2:04 of 1st period - Snap shot by Ben Johnson.
2:04 of 1st period - Shot Misses the Net.
2:08 of 1st period - Wrist shot by Ben Thomson.
2:08 of 1st period - Stopped by Connor Hellebyuk with a rebound.
2:18 of 1st period - Brad Ross is hit by Denis Malgin and loses puck.
4:03 of 1st period - Garret Ross is hit by Cedric Paquette.
4:16 of 1st period - Minor Penalty to Kyle Connor for Holding.
4:17 of 1st period - Alex Tuch wins face-off versus Curtis Hamilton in Penguins zone.
5:23 of 1st period - Snap shot by Evan Rodrigues.
5:23 of 1st period - Stopped by Pavel Francouz with a rebound.
6:08 of 1st period - James Livingstone is hit by Iven Barbashev and loses puck.
6:16 of 1st period - Penalty to Kyle Connor is over, Kyle Connor is back on ice.
6:36 of 1st period - Off-side.
6:37 of 1st period - Garret Pilon wins face-off versus Cedric Paquette in neutral zone.
7:00 of 1st period - Snap shot by Max Gortz.
7:00 of 1st period - Stopped by Pavel Francouz with a rebound.
7:02 of 1st period - Wrist shot by Danny Biega.
7:02 of 1st period - Shot Blocked by Gabriel Carlsson.
7:04 of 1st period - Slapshot by Danny Biega.
7:04 of 1st period - Shot Misses the Net.
7:06 of 1st period - Slapshot by Danny Biega.
7:06 of 1st period - Shot Blocked by Gabriel Carlsson.
7:16 of 1st period - Wrist shot by Iven Barbashev.
7:16 of 1st period - Stopped by Pavel Francouz with a rebound.
7:18 of 1st period - Snap shot by Iven Barbashev.
7:18 of 1st period - Shot Misses the Net.
7:24 of 1st period - Wrist shot by Pavel Kraskovsky.
7:24 of 1st period - Shot Misses the Net.
7:30 of 1st period - Minor Penalty to Iven Barbashev for High sticking.
7:31 of 1st period - Pavel Kraskovsky wins face-off versus Kyle Connor in Penguins zone.
7:36 of 1st period - Snap shot by Pavel Kraskovsky.
7:36 of 1st period - Shot Misses the Net.
8:37 of 1st period - Cedric Paquette is hit by Dylan McIlrath and loses puck.
8:48 of 1st period - Garret Ross is hit by Evan Rodrigues and loses puck.
9:30 of 1st period - Penalty to Iven Barbashev is over, Iven Barbashev is back on ice.
9:43 of 1st period - Snap shot by Josh Archibald.
9:43 of 1st period - Deflect By Brad Ross.
9:43 of 1st period - Shot Blocked by Dakota Mermis.
9:43 of 1st period - Puck is out of play.
9:44 of 1st period - Ross Colton wins face-off versus Eetu Luostarinen in Penguins zone.
9:53 of 1st period - Snap shot by Ben Thomson.
9:53 of 1st period - Shot Misses the Net.
10:09 of 1st period - Nick Blankenburg is hit by Curtis Hamilton and loses puck.
11:21 of 1st period - Snap shot by Garret Ross.
11:21 of 1st period - Stopped by Connor Hellebyuk with a rebound.
11:43 of 1st period - Snap shot by Curtis Hamilton.
11:43 of 1st period - Shot Blocked by Josh Archibald.
11:45 of 1st period - Slapshot by Dakota Mermis.
11:45 of 1st period - Shot Misses the Net.
11:47 of 1st period - Wrist shot by Max Gortz.
11:47 of 1st period - Shot Misses the Net.
12:03 of 1st period - Evan Rodrigues is hit by Gabriel Carlsson and loses puck.
12:10 of 1st period - Dylan McIlrath is hit by Kyle Connor and loses puck.
13:01 of 1st period - Curtis Hamilton is hit by Pavel Kraskovsky and loses puck.
13:14 of 1st period - John Marino is hit by Rhett Gardner and loses puck.
13:27 of 1st period - Snap shot by Evan Rodrigues.
13:27 of 1st period - Shot Misses the Net.
13:29 of 1st period - Slapshot by John Marino.
13:29 of 1st period - Shot Misses the Net.
14:08 of 1st period - Snap shot by Jeff Malott.
14:08 of 1st period - Shot Misses the Net.
14:10 of 1st period - Slapshot by Dakota Mermis.
14:10 of 1st period - Shot Blocked by Nick Blankenburg.
14:32 of 1st period - James Livingstone is hit by Adam Brooks and loses puck.
14:37 of 1st period - Slapshot by Anthony Beauvillier.
14:37 of 1st period - Shot Blocked by James Livingstone.
15:07 of 1st period - Danny Biega is hit by Nick Blankenburg and loses puck.
15:27 of 1st period - Kyle Connor is hit by Miro Heiskanen and loses puck.
15:38 of 1st period - Borna Rendulic is hit by Adam Brooks.
15:59 of 1st period - Slater Koekkoek is hit by Eetu Luostarinen and loses puck.
16:36 of 1st period - Anthony Beauvillier is hit by Nick Blankenburg and loses puck.
16:45 of 1st period - Snap shot by Josh Archibald.
16:45 of 1st period - Goal by Josh Archibald - Penguins : 1 - Sound Tigers : 1.
16:46 of 1st period - Cedric Paquette wins face-off versus Pavel Kraskovsky in neutral zone.
17:09 of 1st period - Icing by Dylan McIlrath.
17:10 of 1st period - Adam Brooks wins face-off versus Garret Ross in Sound Tigers zone.
17:48 of 1st period - Snap shot by Iven Barbashev.
17:48 of 1st period - Stopped by Pavel Francouz with a rebound.
18:23 of 1st period - Icing by Kyle Connor.
18:24 of 1st period - Garret Pilon wins face-off versus Cedric Paquette in Penguins zone.
18:45 of 1st period - Minor Penalty to Gavin Bayreuther for Roughing.
18:46 of 1st period - Kyle Connor wins face-off versus Pavel Kraskovsky in Penguins zone.
18:54 of 1st period - Off-side.
18:55 of 1st period - Pavel Kraskovsky wins face-off versus Kyle Connor in neutral zone.
18:58 of 1st period - Wrist shot by Borna Rendulic.
18:58 of 1st period - Goal by Borna Rendulic - Penguins : 1 - Sound Tigers : 2.
18:59 of 1st period - Cedric Paquette wins face-off versus Pavel Kraskovsky in neutral zone.
19:24 of 1st period - Anthony Beauvillier is hit by Rhett Gardner and loses puck.
19:51 of 1st period - Gavin Bayreuther is hit by Miro Heiskanen.
19:55 of 1st period - Slater Koekkoek is hit by John Marino and loses puck.
Goals for this period are 1 for Penguins vs 2 for Sound Tigers.
Shots for this period are 5 for Penguins vs 4 for Sound Tigers.
2nd period
0:01 of 2nd period - Pavel Kraskovsky wins face-off versus Cedric Paquette in neutral zone.
0:16 of 2nd period - Wrist shot by Alex Tuch.
0:16 of 2nd period - Stopped by Connor Hellebyuk with a rebound.
0:31 of 2nd period - Snap shot by Anthony Beauvillier.
0:31 of 2nd period - Stopped by Pavel Francouz with a rebound.
0:33 of 2nd period - Slapshot by Christopher Tanev.
0:33 of 2nd period - Deflect By Iven Barbashev.
0:33 of 2nd period - Stopped by Pavel Francouz without a rebound.
0:34 of 2nd period - Borna Rendulic wins face-off versus Adam Brooks in Sound Tigers zone.
0:57 of 2nd period - Minor Penalty to Borna Rendulic for Hooking.
0:58 of 2nd period - Cedric Paquette wins face-off versus Pavel Kraskovsky in Sound Tigers zone.
1:07 of 2nd period - Snap shot by Cedric Paquette.
1:07 of 2nd period - Goal by Cedric Paquette - Penguins : 2 - Sound Tigers : 2.
1:08 of 2nd period - Pavel Kraskovsky wins face-off versus Cedric Paquette in neutral zone.
1:11 of 2nd period - Snap shot by Gabriel Carlsson.
1:11 of 2nd period - Stopped by Connor Hellebyuk without a rebound.
1:12 of 2nd period - Cedric Paquette wins face-off versus Pavel Kraskovsky in Penguins zone.
1:25 of 2nd period - Snap shot by Pavel Kraskovsky.
1:25 of 2nd period - Shot Misses the Net.
1:27 of 2nd period - Wrist shot by Pavel Kraskovsky.
1:27 of 2nd period - Shot Misses the Net.
1:45 of 2nd period - Icing by Andrew O'Brien.
1:46 of 2nd period - Iven Barbashev wins face-off versus Pavel Kraskovsky in Penguins zone.
2:03 of 2nd period - Minor Penalty to Miro Heiskanen for Hooking.
2:04 of 2nd period - Pavel Kraskovsky wins face-off versus Cedric Paquette in Sound Tigers zone.
3:45 of 2nd period - Off-side.
3:46 of 2nd period - Adam Brooks wins face-off versus Rhett Gardner in neutral zone.
4:03 of 2nd period - Penalty to Miro Heiskanen is over, Miro Heiskanen is back on ice.
4:39 of 2nd period - Snap shot by Sam Kurker.
4:39 of 2nd period - Stopped by Pavel Francouz without a rebound.
4:40 of 2nd period - Eetu Luostarinen wins face-off versus Rhett Gardner in Sound Tigers zone.
4:41 of 2nd period - Slapshot by Jeff Malott.
4:41 of 2nd period - Shot Blocked by Dylan McIlrath.
4:43 of 2nd period - Minor Penalty to Rhett Gardner for High sticking.
4:44 of 2nd period - Cedric Paquette wins face-off versus Pavel Kraskovsky in Sound Tigers zone.
4:45 of 2nd period - Slapshot by Kyle Connor.
4:45 of 2nd period - Deflect By Evan Rodrigues.
4:45 of 2nd period - Shot Misses the Net.
4:45 of 2nd period - Puck is out of play.
4:46 of 2nd period - Pavel Kraskovsky wins face-off versus Cedric Paquette in Sound Tigers zone.
4:55 of 2nd period - Wrist shot by Cedric Paquette.
4:55 of 2nd period - Shot Blocked by Dylan McIlrath.
4:57 of 2nd period - Slapshot by Christopher Tanev.
4:57 of 2nd period - Deflect By Evan Rodrigues.
4:57 of 2nd period - Stopped by Pavel Francouz without a rebound.
4:58 of 2nd period - Evan Rodrigues wins face-off versus Pavel Kraskovsky in Sound Tigers zone.
5:23 of 2nd period - Dylan McIlrath is hit by Christopher Tanev and loses puck.
6:43 of 2nd period - Penalty to Rhett Gardner is over, Rhett Gardner is back on ice.
6:49 of 2nd period - Wrist shot by Jeff Malott.
6:49 of 2nd period - Shot Misses the Net.
6:51 of 2nd period - Wrist shot by Eetu Luostarinen.
6:51 of 2nd period - Shot Misses the Net.
6:53 of 2nd period - Slapshot by Danny Biega.
6:53 of 2nd period - Stopped by Pavel Francouz with a rebound.
6:55 of 2nd period - Wrist shot by Eetu Luostarinen.
6:55 of 2nd period - Shot Blocked by Gabriel Carlsson.
6:55 of 2nd period - Gabriel Carlsson from Sound Tigers is injured at 6:55 of 2nd period (Lower Body).
6:56 of 2nd period - Cedric Paquette wins face-off versus Pavel Kraskovsky in Sound Tigers zone.
7:25 of 2nd period - Slapshot by Gavin Bayreuther.
7:25 of 2nd period - Stopped by Pavel Francouz with a rebound.
7:27 of 2nd period - Slapshot by Gavin Bayreuther.
7:27 of 2nd period - Stopped by Pavel Francouz with a rebound.
7:31 of 2nd period - Snap shot by Anthony Beauvillier.
7:31 of 2nd period - Stopped by Pavel Francouz with a rebound.
7:58 of 2nd period - Icing by Miro Heiskanen.
7:59 of 2nd period - Eetu Luostarinen wins face-off versus Garret Pilon in Sound Tigers zone.
8:06 of 2nd period - Snap shot by Jeff Malott.
8:06 of 2nd period - Shot Misses the Net.
8:14 of 2nd period - Sam Kurker is hit by Brad Ross and loses puck.
9:13 of 2nd period - Snap shot by Denis Malgin.
9:13 of 2nd period - Stopped by Pavel Francouz without a rebound.
9:14 of 2nd period - Cedric Paquette wins face-off versus Pavel Kraskovsky in Sound Tigers zone.
9:15 of 2nd period - Wrist shot by Evan Rodrigues.
9:15 of 2nd period - Stopped by Pavel Francouz with a rebound.
9:17 of 2nd period - Slapshot by Christopher Tanev.
9:17 of 2nd period - Stopped by Pavel Francouz without a rebound.
9:18 of 2nd period - Pavel Kraskovsky wins face-off versus Cedric Paquette in Sound Tigers zone.
9:25 of 2nd period - Snap shot by Kyle Connor.
9:25 of 2nd period - Stopped by Pavel Francouz with a rebound.
9:27 of 2nd period - Slapshot by Christopher Tanev.
9:27 of 2nd period - Shot Misses the Net.
9:29 of 2nd period - Wrist shot by Andrew O'Brien.
9:29 of 2nd period - Stopped by Pavel Francouz with a rebound.
9:31 of 2nd period - Slapshot by Andrew O'Brien.
9:31 of 2nd period - Shot Misses the Net.
9:33 of 2nd period - Slapshot by Andrew O'Brien.
9:33 of 2nd period - Stopped by Pavel Francouz with a rebound.
10:05 of 2nd period - Snap shot by Max Gortz.
10:05 of 2nd period - Stopped by Pavel Francouz with a rebound.
10:22 of 2nd period - Icing by Nick Blankenburg.
10:23 of 2nd period - Kyle Connor wins face-off versus Ben Thomson in Sound Tigers zone.
11:43 of 2nd period - Icing by Eetu Luostarinen.
11:44 of 2nd period - Pavel Kraskovsky wins face-off versus Eetu Luostarinen in Penguins zone.
11:49 of 2nd period - Snap shot by Pavel Kraskovsky.
11:49 of 2nd period - Stopped by Connor Hellebyuk without a rebound.
11:50 of 2nd period - Cedric Paquette wins face-off versus Pavel Kraskovsky in Penguins zone.
12:03 of 2nd period - Snap shot by Evan Rodrigues.
12:03 of 2nd period - Shot Blocked by Dylan McIlrath.
12:17 of 2nd period - Slapshot by Dylan McIlrath.
12:17 of 2nd period - Stopped by Connor Hellebyuk without a rebound.
12:18 of 2nd period - Garret Ross wins face-off versus Adam Brooks in Penguins zone.
12:21 of 2nd period - Wrist shot by Rhett Gardner.
12:21 of 2nd period - Stopped by Connor Hellebyuk without a rebound.
12:22 of 2nd period - Cedric Paquette wins face-off versus James Livingstone in Penguins zone.
12:47 of 2nd period - Wrist shot by James Livingstone.
12:47 of 2nd period - Stopped by Connor Hellebyuk with a rebound.
13:07 of 2nd period - Snap shot by Ross Colton.
13:07 of 2nd period - Shot Misses the Net.
13:13 of 2nd period - Snap shot by Ross Colton.
13:13 of 2nd period - Shot Misses the Net.
13:15 of 2nd period - Wrist shot by Ben Thomson.
13:15 of 2nd period - Shot Misses the Net.
13:17 of 2nd period - Backhand shot by Jakub Galvas.
13:17 of 2nd period - Stopped by Connor Hellebyuk with a rebound.
13:27 of 2nd period - Brad Ross is hit by Cedric Paquette and loses puck.
13:40 of 2nd period - Brad Ross is hit by Cedric Paquette and loses puck.
14:02 of 2nd period - Slapshot by Brad Ross.
14:02 of 2nd period - Shot Misses the Net.
14:14 of 2nd period - Snap shot by Garret Pilon.
14:14 of 2nd period - Shot Misses the Net.
14:24 of 2nd period - Slapshot by Josh Archibald.
14:24 of 2nd period - Deflect By Cedric Paquette.
14:24 of 2nd period - Shot Misses the Net.
14:24 of 2nd period - Puck is out of play.
14:25 of 2nd period - Pavel Kraskovsky wins face-off versus Adam Brooks in Penguins zone.
14:32 of 2nd period - Slapshot by Borna Rendulic.
14:32 of 2nd period - Deflect By Alex Tuch.
14:32 of 2nd period - Stopped by Connor Hellebyuk without a rebound.
14:33 of 2nd period - Pavel Kraskovsky wins face-off versus Adam Brooks in Penguins zone.
15:00 of 2nd period - Snap shot by Ben Johnson.
15:00 of 2nd period - Stopped by Connor Hellebyuk with a rebound.
15:02 of 2nd period - Slapshot by Jakub Galvas.
15:02 of 2nd period - Stopped by Connor Hellebyuk with a rebound.
15:04 of 2nd period - Backhand shot by Jakub Galvas.
15:04 of 2nd period - Stopped by Connor Hellebyuk with a rebound.
15:06 of 2nd period - Slapshot by Nick Blankenburg.
15:06 of 2nd period - Goal by Nick Blankenburg - Penguins : 2 - Sound Tigers : 3.
15:07 of 2nd period - Evan Rodrigues wins face-off versus Pavel Kraskovsky in neutral zone.
15:19 of 2nd period - Minor Penalty to Miro Heiskanen for Hooking.
15:20 of 2nd period - Pavel Kraskovsky wins face-off versus Evan Rodrigues in Sound Tigers zone.
16:02 of 2nd period - Garret Ross is hit by Cedric Paquette and loses puck.
17:19 of 2nd period - Penalty to Miro Heiskanen is over, Miro Heiskanen is back on ice.
17:26 of 2nd period - Snap shot by Max Gortz.
17:26 of 2nd period - Shot Misses the Net.
17:34 of 2nd period - Slapshot by Pavel Kraskovsky.
17:34 of 2nd period - Stopped by Connor Hellebyuk without a rebound.
17:35 of 2nd period - Denis Malgin wins face-off versus Garret Ross in Penguins zone.
17:35 of 2nd period - Denis Malgin is hit by Rhett Gardner.
17:36 of 2nd period - Denis Malgin from Penguins is injured at 17:36 of 2nd period (Right Eye).
17:37 of 2nd period - Cedric Paquette wins face-off versus Borna Rendulic in Penguins zone.
17:37 of 2nd period - Evan Rodrigues is hit by Borna Rendulic and loses puck.
18:04 of 2nd period - Icing by James Livingstone.
18:05 of 2nd period - Adam Brooks wins face-off versus Rhett Gardner in Sound Tigers zone.
18:26 of 2nd period - Minor Penalty to Rhett Gardner for Hooking.
18:27 of 2nd period - Pavel Kraskovsky wins face-off versus Cedric Paquette in Sound Tigers zone.
19:14 of 2nd period - Nick Blankenburg is hit by Kyle Connor and loses puck.
Goals for this period are 1 for Penguins vs 1 for Sound Tigers.
Shots for this period are 16 for Penguins vs 13 for Sound Tigers.
3rd period
0:01 of 3rd period - Cedric Paquette wins face-off versus Pavel Kraskovsky in neutral zone.
0:16 of 3rd period - Snap shot by Cedric Paquette.
0:16 of 3rd period - Shot Blocked by Miro Heiskanen.
0:26 of 3rd period - Penalty to Rhett Gardner is over, Rhett Gardner is back on ice.
0:52 of 3rd period - Wrist shot by Curtis Hamilton.
0:52 of 3rd period - Stopped by Pavel Francouz without a rebound.
0:53 of 3rd period - Evan Rodrigues wins face-off versus Pavel Kraskovsky in Sound Tigers zone.
0:54 of 3rd period - Slapshot by Gavin Bayreuther.
0:54 of 3rd period - Stopped by Pavel Francouz with a rebound.
1:04 of 3rd period - Snap shot by Pavel Kraskovsky.
1:04 of 3rd period - Shot Misses the Net.
1:06 of 3rd period - Slapshot by Jakub Galvas.
1:06 of 3rd period - Shot Misses the Net.
1:08 of 3rd period - Backhand shot by Pavel Kraskovsky.
1:08 of 3rd period - Shot Misses the Net.
2:01 of 3rd period - Snap shot by Cedric Paquette.
2:01 of 3rd period - Stopped by Pavel Francouz without a rebound.
2:02 of 3rd period - Pavel Kraskovsky wins face-off versus Cedric Paquette in Sound Tigers zone.
2:15 of 3rd period - Snap shot by Kyle Connor.
2:15 of 3rd period - Stopped by Pavel Francouz with a rebound.
2:25 of 3rd period - Wrist shot by Max Gortz.
2:25 of 3rd period - Shot Blocked by Dylan McIlrath.
2:27 of 3rd period - Wrist shot by Max Gortz.
2:27 of 3rd period - Goal by Max Gortz - Penguins : 3 - Sound Tigers : 3.
2:28 of 3rd period - Pavel Kraskovsky wins face-off versus Cedric Paquette in neutral zone.
2:53 of 3rd period - Anthony Beauvillier is hit by Dylan McIlrath and loses puck.
3:02 of 3rd period - Wrist shot by Garret Ross.
3:02 of 3rd period - Deflect By Rhett Gardner.
3:02 of 3rd period - Stopped by Connor Hellebyuk with a rebound.
3:04 of 3rd period - Slapshot by Nick Blankenburg.
3:04 of 3rd period - Shot Blocked by Christopher Tanev.
3:10 of 3rd period - Minor Penalty to Anthony Beauvillier for Hooking.
3:11 of 3rd period - Pavel Kraskovsky wins face-off versus Kyle Connor in Penguins zone.
3:12 of 3rd period - Slapshot by Alex Tuch.
3:12 of 3rd period - Shot Hit the Post.
3:18 of 3rd period - Snap shot by Pavel Kraskovsky.
3:18 of 3rd period - Stopped by Connor Hellebyuk with a rebound.
3:36 of 3rd period - Dakota Mermis is hit by James Livingstone and loses puck.
4:01 of 3rd period - Evan Rodrigues is hit by Dylan McIlrath and loses puck.
4:28 of 3rd period - Curtis Hamilton is hit by Alex Tuch and loses puck.
5:10 of 3rd period - Penalty to Anthony Beauvillier is over, Anthony Beauvillier is back on ice.
5:23 of 3rd period - Snap shot by Ben Thomson.
5:23 of 3rd period - Deflect By Ross Colton.
5:23 of 3rd period - Stopped by Connor Hellebyuk with a rebound.
5:25 of 3rd period - Slapshot by Nick Blankenburg.
5:25 of 3rd period - Shot Blocked by Gavin Bayreuther.
5:53 of 3rd period - Snap shot by Gavin Bayreuther.
5:53 of 3rd period - Deflect By Nick Blankenburg.
5:53 of 3rd period - Stopped by Pavel Francouz without a rebound.
5:54 of 3rd period - Ben Johnson wins face-off versus Kyle Connor in Sound Tigers zone.
5:54 of 3rd period - Ben Johnson is hit by Kyle Connor.
6:07 of 3rd period - Snap shot by Christopher Tanev.
6:07 of 3rd period - Stopped by Pavel Francouz with a rebound.
6:09 of 3rd period - Snap shot by Evan Rodrigues.
6:09 of 3rd period - Shot Misses the Net.
6:28 of 3rd period - Wrist shot by Max Gortz.
6:28 of 3rd period - Stopped by Pavel Francouz with a rebound.
6:38 of 3rd period - Rhett Gardner is hit by Cedric Paquette and loses puck.
7:03 of 3rd period - Snap shot by Garret Pilon.
7:03 of 3rd period - Stopped by Connor Hellebyuk without a rebound.
7:04 of 3rd period - Garret Pilon wins face-off versus Eetu Luostarinen in Penguins zone.
7:05 of 3rd period - Snap shot by Brad Ross.
7:05 of 3rd period - Stopped by Connor Hellebyuk without a rebound.
7:06 of 3rd period - Garret Pilon wins face-off versus Eetu Luostarinen in Penguins zone.
7:07 of 3rd period - Snap shot by Josh Archibald.
7:07 of 3rd period - Stopped by Connor Hellebyuk with a rebound.
8:37 of 3rd period - Brad Ross is hit by Kyle Connor and loses puck.
8:48 of 3rd period - Snap shot by Evan Rodrigues.
8:48 of 3rd period - Shot Blocked by Miro Heiskanen.
9:05 of 3rd period - Pavel Kraskovsky is hit by Danny Biega and loses puck.
9:12 of 3rd period - John Marino is hit by Pavel Kraskovsky and loses puck.
9:35 of 3rd period - Anthony Beauvillier is hit by Garret Ross and loses puck.
10:25 of 3rd period - Wrist shot by Josh Archibald.
10:25 of 3rd period - Stopped by Connor Hellebyuk with a rebound.
10:27 of 3rd period - Slapshot by Dylan McIlrath.
10:27 of 3rd period - Deflect By Evan Rodrigues.
10:27 of 3rd period - Stopped by Connor Hellebyuk with a rebound.
10:47 of 3rd period - Icing by Miro Heiskanen.
10:48 of 3rd period - Rhett Gardner wins face-off versus Adam Brooks in Sound Tigers zone.
10:57 of 3rd period - Snap shot by Gavin Bayreuther.
10:57 of 3rd period - Shot Misses the Net.
11:03 of 3rd period - Iven Barbashev is hit by Rhett Gardner and loses puck.
11:36 of 3rd period - Wrist shot by James Livingstone.
11:36 of 3rd period - Stopped by Connor Hellebyuk without a rebound.
11:37 of 3rd period - Cedric Paquette wins face-off versus Pavel Kraskovsky in Penguins zone.
11:46 of 3rd period - Wrist shot by Kyle Connor.
11:46 of 3rd period - Shot Blocked by Jakub Galvas.
11:48 of 3rd period - Wrist shot by Cedric Paquette.
11:48 of 3rd period - Stopped by Pavel Francouz with a rebound.
11:50 of 3rd period - Snap shot by Evan Rodrigues.
11:50 of 3rd period - Stopped by Pavel Francouz with a rebound.
11:52 of 3rd period - Slapshot by John Marino.
11:52 of 3rd period - Stopped by Pavel Francouz without a rebound.
11:53 of 3rd period - Pavel Kraskovsky wins face-off versus Sam Kurker in Sound Tigers zone.
12:00 of 3rd period - Slapshot by Pavel Kraskovsky.
12:00 of 3rd period - Goal by Pavel Kraskovsky - Penguins : 3 - Sound Tigers : 4.
12:01 of 3rd period - Cedric Paquette wins face-off versus Pavel Kraskovsky in neutral zone.
12:22 of 3rd period - Andrew O'Brien is hit by Slater Koekkoek and loses puck.
13:07 of 3rd period - Snap shot by Max Gortz.
13:07 of 3rd period - Deflect By Curtis Hamilton.
13:07 of 3rd period - Stopped by Pavel Francouz with a rebound.
13:09 of 3rd period - Slapshot by Curtis Hamilton.
13:09 of 3rd period - Stopped by Pavel Francouz without a rebound.
13:10 of 3rd period - Cedric Paquette wins face-off versus Pavel Kraskovsky in Sound Tigers zone.
13:17 of 3rd period - Evan Rodrigues is hit by Borna Rendulic and loses puck.
13:24 of 3rd period - Slapshot by Pavel Kraskovsky.
13:24 of 3rd period - Shot Misses the Net.
13:26 of 3rd period - Slapshot by Borna Rendulic.
13:26 of 3rd period - Stopped by Connor Hellebyuk with a rebound.
13:36 of 3rd period - Rhett Gardner is hit by Dakota Mermis and loses puck.
13:59 of 3rd period - Wrist shot by Curtis Hamilton.
13:59 of 3rd period - Stopped by Pavel Francouz with a rebound.
14:01 of 3rd period - Wrist shot by Curtis Hamilton.
14:01 of 3rd period - Shot Misses the Net.
14:15 of 3rd period - Josh Archibald is hit by Evan Rodrigues and loses puck.
14:34 of 3rd period - Sam Kurker is hit by Borna Rendulic and loses puck.
14:51 of 3rd period - Rhett Gardner is hit by Iven Barbashev and loses puck.
15:15 of 3rd period - Snap shot by Ben Johnson.
15:15 of 3rd period - Stopped by Connor Hellebyuk with a rebound.
15:17 of 3rd period - Wrist shot by Ross Colton.
15:17 of 3rd period - Stopped by Connor Hellebyuk without a rebound.
15:18 of 3rd period - Pavel Kraskovsky wins face-off versus Cedric Paquette in Penguins zone.
15:28 of 3rd period - Minor Penalty to Danny Biega for Tripping.
15:29 of 3rd period - Borna Rendulic wins face-off versus Kyle Connor in Penguins zone.
15:35 of 3rd period - Wrist shot by Alex Tuch.
15:35 of 3rd period - Shot Misses the Net.
16:09 of 3rd period - Miro Heiskanen is hit by Evan Rodrigues and loses puck.
16:22 of 3rd period - Slapshot by Alex Tuch.
16:22 of 3rd period - Stopped by Connor Hellebyuk with a rebound.
17:27 of 3rd period - Snap shot by Anthony Beauvillier.
17:27 of 3rd period - Deflect By Ross Colton.
17:27 of 3rd period - Stopped by Pavel Francouz with a rebound.
17:28 of 3rd period - Penalty to Danny Biega is over, Danny Biega is back on ice.
19:05 of 3rd period - Penguins, Connor Hellebyuk is pulled from the net.
19:13 of 3rd period - Borna Rendulic is hit by Max Gortz and loses puck.
19:20 of 3rd period - Snap shot by Cedric Paquette.
19:20 of 3rd period - Shot Blocked by Brad Ross.
19:22 of 3rd period - Wrist shot by Danny Biega.
19:22 of 3rd period - Stopped by Pavel Francouz with a rebound.
19:36 of 3rd period - Snap shot by Cedric Paquette.
19:36 of 3rd period - Stopped by Pavel Francouz with a rebound.
19:38 of 3rd period - Slapshot by Dakota Mermis.
19:38 of 3rd period - Goal by Dakota Mermis - Penguins : 4 - Sound Tigers : 4.
19:38 of 3rd period - Connor Hellebyuk from Penguins was sent back in the game.
19:39 of 3rd period - Ben Johnson wins face-off versus Max Gortz in neutral zone.
Goals for this period are 2 for Penguins vs 1 for Sound Tigers.
Shots for this period are 18 for Penguins vs 14 for Sound Tigers.
Overtime #1
0:01 of 1st overtime period - Kyle Connor wins face-off versus Pavel Kraskovsky in neutral zone.
0:04 of 1st overtime period - Snap shot by Kyle Connor.
0:04 of 1st overtime period - Shot Misses the Net.
0:51 of 1st overtime period - Snap shot by Gavin Bayreuther.
0:51 of 1st overtime period - Stopped by Pavel Francouz without a rebound.
0:52 of 1st overtime period - Pavel Kraskovsky wins face-off versus Kyle Connor in Sound Tigers zone.
2:20 of 1st overtime period - Ben Thomson is hit by Dakota Mermis and loses puck.
3:19 of 1st overtime period - Wrist shot by Evan Rodrigues.
3:19 of 1st overtime period - Stopped by Pavel Francouz with a rebound.
3:33 of 1st overtime period - Dakota Mermis is hit by Dylan McIlrath and loses puck.
3:48 of 1st overtime period - Ben Thomson is hit by Evan Rodrigues and loses puck.
4:50 of 1st overtime period - Kyle Connor is hit by Ross Colton and loses puck.
Goals for this period are 0 for Penguins vs 0 for Sound Tigers.
Shots for this period are 2 for Penguins vs 0 for Sound Tigers.
ShootOut
5:00 of 1st overtime period - Round #1.
5:00 of 1st overtime period - Penguins, Kyle Connor.
5:00 of 1st overtime period - Deke by Kyle Connor.
5:00 of 1st overtime period - Goal by Kyle Connor.
5:00 of 1st overtime period - Sound Tigers, Alex Tuch.
5:00 of 1st overtime period - Snap shot by Alex Tuch.
5:00 of 1st overtime period - Shot Misses the Net.
5:00 of 1st overtime period - Round #2.
5:00 of 1st overtime period - Penguins, Cedric Paquette.
5:00 of 1st overtime period - Snap shot by Cedric Paquette.
5:00 of 1st overtime period - Stopped by Pavel Francouz.
5:00 of 1st overtime period - Sound Tigers, Garret Ross.
5:00 of 1st overtime period - Backhand shot by Garret Ross.
5:00 of 1st overtime period - Goal by Garret Ross.
5:00 of 1st overtime period - Round #3.
5:00 of 1st overtime period - Penguins, Evan Rodrigues.
5:00 of 1st overtime period - Wrist shot by Evan Rodrigues.
5:00 of 1st overtime period - Stopped by Pavel Francouz.
5:00 of 1st overtime period - Sound Tigers, Borna Rendulic.
5:00 of 1st overtime period - Snap shot by Borna Rendulic.
5:00 of 1st overtime period - Goal by Borna Rendulic.